 Dungeon Crawl Stone Soup version 0.19.0-17-g07987d3 (webtiles) character file.

15632 Lochraine the Fighter (level 12, -5/112 HPs)
             Began as a Centaur Venom Mage on Nov 10, 2016.
             Was an Initiate of Gozag.
             Slain by a spiny frog (22 damage)
             ... on level 2 of the Lair of Beasts.
             The game lasted 00:59:18 (16344 turns).

Lochraine the Fighter (Centaur Venom Mage)         Turns: 16344, Time: 00:59:19

Health: -5/112     AC: 15    Str:  9 (12) XL:     12   Next: 2%
Magic:  16/16      EV: 12    Int: 11 (14) God:    Gozag
Gold:   396        SH:  0    Dex: 12 (14) Spells: 2 memorised, 13 levels left

rFire  + . .     SeeInvis .     a - +2 great sword (elec)
rCold  + . .     Gourm    .     N - +0 robe
rNeg   . . .     Faith    .     (shield currently unavailable)
rPois  +         Spirit   .     R - +0 helmet
rElec  +         Reflect  .     r - +0 cloak
rCorr  +         Harm     .     B - +1 pair of gloves
MR     .....                    (no barding)
Stlth  ++........               H - amulet of magic regeneration
                                e - ring of poison resistance
                                I - +6 ring of protection

@: about to teleport, resistant, flying, mesmerised, very slightly contaminated,
hasted, very quick
A: hooves 3, deformed body, speed 2, tough skin 3
a: Potion Petition, Call Merchant, Bribe Branch, Renounce Religion


You were on level 2 of the Lair of Beasts.
You worshipped Gozag.
Gozag was aware of your devotion.
You were not hungry.

You visited 3 branches of the dungeon, and saw 14 of its levels.

You collected 1855 gold pieces.
You spent 791 gold pieces at shops.
You paid 668 gold pieces to Gozag.

Inventory:

Hand Weapons
 a - a +2 great sword of electrocution (weapon)
 b - a +1 shortbow of flaming
 f - a +3 short sword of electrocution
 l - a +3 halberd
Missiles
 w - 97 arrows
Armour
 r - a +0 cloak (worn)
 B - a +1 pair of gloves (worn)
 N - a +0 robe (worn)
 R - a +0 helmet (worn)
 U - a +1 leather armour of cold resistance
 V - a +0 plate armour
Jewellery
 e - a ring of poison resistance (right hand)
 H - an amulet of magic regeneration (around neck)
 I - a +6 ring of protection (left hand)
 J - an uncursed ring of protection from fire
 Q - an uncursed ring of protection from cold
Wands
 t - a wand of slowing (17/48)
 x - a wand of flame (18/48)
 y - a wand of confusion (25/48)
 E - a wand of hasting (1/9)
 G - a wand of digging (1/24)
Scrolls
 g - a scroll of blinking
 j - a scroll of immolation
 k - a scroll of remove curse
 m - 3 scrolls of amnesia
 o - 4 scrolls of teleportation
 u - a scroll of magic mapping
 v - a scroll of recharging
 A - 2 scrolls of enchant armour
 F - a scroll of fog
 O - 4 scrolls of identify
Potions
 d - a potion of magic
 h - a potion of heal wounds {unknown}
 i - a potion of ambrosia
 n - a potion of flight
 s - 2 potions of haste
 z - 3 potions of might
 C - a potion of cancellation
 D - 4 potions of agility
 L - a potion of mutation {unknown}
 T - a potion of degeneration
 X - a potion of resistance
 Z - a potion of cure mutation
Books
 p - a book of Power

   Spells                             Type                      Level
   a - Fulminant Prism                Conjuration/Hexes            4
   b - Iskenderun's Mystic Blast      Conjuration                  4
   c - Venom Bolt                     Conjuration/Poison           5
   d - Bolt of Magma                  Conjuration/Fire/Earth       5
   e - Iron Shot                      Conjuration/Earth            6
   f - Orb of Destruction             Conjuration                  7
   g - Spellforged Servitor           Conjuration/Summoning        7
 q - a book of Conjurations

   Spells                             Type                      Level
   a - Magic Dart                     Conjuration                  1
   b - Searing Ray                    Conjuration                  2
   c - Dazzling Spray                 Conjuration/Hexes            3
   d - Fulminant Prism                Conjuration/Hexes            4
   e - Iskenderun's Mystic Blast      Conjuration                  4
   f - Iskenderun's Battlesphere      Conjuration/Charms           5
 M - a Young Poisoner's Handbook

   Spells                             Type                      Level
   a - Sting                          Conjuration/Poison           1
   b - Mephitic Cloud                 Conjuration/Poison/Air       3
   c - Olgreb's Toxic Radiance        Poison                       4
   d - Alistair's Intoxication        Transmutation/Poison         5
   e - Venom Bolt                     Conjuration/Poison           5
 P - a book of Frost

   Spells                             Type                      Level
   a - Freeze                         Ice                          1
   b - Throw Frost                    Conjuration/Ice              2
   c - Ozocubu's Armour               Charms/Ice                   3
   d - Throw Icicle                   Conjuration/Ice              4
   e - Summon Ice Beast               Ice/Summoning                4
Comestibles
 c - 3 bread rations
 K - 6 meat rations
 S - 4 fruits
 W - 7 beef jerkies


   Skills:
 - Level 12.2 Fighting
 - Level 2.6 Short Blades
 + Level 0.0(1.5) Long Blades
 - Level 3.3 Polearms
 - Level 9.0 Bows
 + Level 4.7 Armour
 + Level 5.2 Dodging
 - Level 1.1 Stealth
 - Level 3.0 Spellcasting
 - Level 5.1 Conjurations
 - Level 4.7 Air Magic
 - Level 5.8 Poison Magic


You had 13 spell levels left.
You knew the following spells:

 Your Spells              Type           Power        Failure   Level  Hunger
a - Sting                 Conj/Pois      ##..         2%          1    #......
b - Mephitic Cloud        Conj/Pois/Air  ##......     10%         3    ###....


Dungeon Overview and Level Annotations

Branches:
Dungeon (10/15)            Temple (1/1) D:6            Lair (3/6) D:8
 Shoals (0/4) Lair:2       Spider (0/4) Lair:2
    Orc: D:9-12

Altars:
Ashenzari
Cheibriados
Dithmenos
Elyvilon
Fedhas
Gozag
Hepliaklqana
Kikubaaqudgha
Makhleb
Nemelex Xobeh
Okawaru
Qazlal
Ru
Sif Muna
Trog
Uskayaw
Vehumet
Xom
Yredelemnul
Zin
The Shining One

Shops:
D:8 !

Annotations:
D:3 Sigmund
Lair:1 exclusion: oklob plant
Lair:2 Krapule's ghost, journeyman MiHu


Innate Abilities, Weirdness & Mutations

You have hooves in place of feet.
Armour fits poorly on your strangely shaped body.
You cover ground very quickly.
You have extremely tough skin. (AC +3)


Message History

* * * LOW HITPOINT WARNING * * *
You completely miss the siren. Your kick misses the siren.
The siren is severely wounded.
The siren chants its luring song.
The merfolk hits you but does no damage.
You barely miss the siren.
The siren is severely wounded.
The siren chants its luring song.
The siren chants a haunting song.
The spiny frog closely misses you.
You riposte.
You closely miss the spiny frog.
You kick the spiny frog, but do no damage.
The spiny frog is lightly wounded.
The merfolk hits you from afar with a trident!
* * * LOW HITPOINT WARNING * * *
As you read the scroll of teleportation, it crumbles to dust.
You feel strangely unstable.
The siren chants its luring song. x2
The spiny frog stings you!!
You die...
Your body crumbles into a pile of gold.

<...............#,*≈**,,,,,,,,,,,
....##.......(..#,>≈**,,,,,,,,,,,
....##.P........#,*≈**,,,,,,,,,,,
....##.P........##,≈≈*,,,,,,,,,,,
....##.+.........#,,≈**,,,,,,,,>,
....###..........#*,≈,*,,,,,,,,,,
.....####P##P##.W#*,,≈***,,,,,,,,
###.## ##*#####F#***,,****,,,,,≈
#### #.@# *,,** *,,,,≈≈ ##.#
######.m#***,*,***,,,,≈≈ ...#
###.#.##PPm,**,,***,,,,≈≈,
<..#####........m..,,,** *,,,,≈≈,
....#.##...........#*** **,,,≈≈≈
...#...'...........P* *,,,≈≈≈≈
.....###.<.........## **,,≈≈≈≈
.....#.............# **,,,≈≈≈
..[.####..........,** *,,,,,,,


You could see a merfolk, 2 sirens, a spiny frog and Krapule's ghost.

Vanquished Creatures
  Rupert (Lair:3)
  A hydra (Lair:2)
  The ghost of kilppis the Blocker, a journeyman GrFi (D:9)
  A wolf spider (Lair:2)
  2 black mambas
  4 spiny frogs
  A rime drake (Lair:2)
  6 komodo dragons
  A troll (D:9)
  The ghost of Philosophy the Bolt Thrower, an amateur CeHu of Okawaru (D:5)
  4 hippogriffs
  6 yaks
  A basilisk (Lair:1)
  A wyvern (Lair:1)
  2 hungry ghosts
  Menkaure (D:7)
  Duvessa (D:5)
  5 water moccasins
  An orc warrior (D:9)
  A porcupine (Lair:2)
  2 phantoms
  7 crocodiles
  3 ogres
  9 wolves
  5 centaurs
  6 bullfrogs
  Dowan (D:5)
  3 scorpions
  3 wights (D:8)
  An electric eel (Lair:2)
  6 crimson imps
  6 hounds
  A centaur zombie (D:7)
  9 jellies
  4 orc priests
  An iguana (D:6)
  7 orc wizards
  8 worker ants
  Natasha (thrice) (D:4)
  A hound skeleton (D:4)
  A worker ant zombie (D:7)
  3 gnolls (D:4)
  9 adders
  3 shadow imps
  13 oozes
  An adder zombie (D:8)
  2 adder skeletons (D:7)
  6 worms
  A dart slug (D:1)
  2 leopard geckos
  31 orcs
  11 bats
  4 giant cockroaches
  12 goblins
  12 hobgoblins
  12 jackals
  4 quokkas
  4 ball pythons
  6 frilled lizards
  11 kobolds
  A leopard gecko skeleton (D:7)
  16 rats
293 creatures vanquished.

Vanquished Creatures (others)
  8 fungi
  3 plants (Lair:2)
11 creatures vanquished.

Grand Total: 304 creatures vanquished

Notes
Turn   | Place    | Note
-------+----------+-------------------------------------------
     0 | D:1      | Lochraine the Centaur Venom Mage began the quest for the Orb.
     0 | D:1      | Reached XP level 1. HP: 14/14 MP: 3/3
   328 | D:1      | Reached XP level 2. HP: 20/20 MP: 2/4
   845 | D:1      | Reached XP level 3. HP: 26/26 MP: 5/5
  1044 | D:1      | Reached skill level 1 in Conjurations
  2017 | D:2      | Reached XP level 4. HP: 28/33 MP: 6/6
  2430 | D:1      | Learned a level 3 spell: Mephitic Cloud
  3126 | D:3      | Noticed Sigmund
  3286 | D:3      | Reached skill level 1 in Air Magic
  3692 | D:3      | Reached XP level 5. HP: 9/38 MP: 7/7
  4481 | D:4      | Noticed Natasha
  4490 | D:4      | Reached XP level 6. HP: 43/45 MP: 8/8
  4500 | D:4      | Killed Natasha
  4599 | D:4      | Noticed Natasha
  4604 | D:4      | Killed Natasha
  4627 | D:4      | Noticed Natasha
  4629 | D:4      | Killed Natasha
  5130 | D:4      | Reached skill level 1 in Polearms
  5160 | D:4      | Reached XP level 7. HP: 46/50 MP: 10/10
  5194 | D:4      | Reached skill level 12 in Fighting
  5194 | D:4      | Reached XP level 8. HP: 31/83 MP: 11/11
  5869 | D:4      | Found a shimmering altar of Xom.
  5900 | D:5      | Entered Level 5 of the Dungeon
  6022 | D:5      | Noticed Philosophy's ghost (amateur CeHu)
  6100 | D:5      | Found a sacrificial altar of Ru.
  6192 | D:5      | Noticed Duvessa
  6194 | D:5      | Noticed Dowan
  6227 | D:5      | Killed Duvessa
  6244 | D:5      | Killed Dowan
  6778 | D:5      | Killed Philosophy's ghost
  7037 | D:6      | Found an opulent altar of Gozag.
  7167 | D:6      | Found a staircase to the Ecumenical Temple.
  7187 | Temple   | Entered the Ecumenical Temple
  7411 | D:6      | Reached XP level 9. HP: 67/90 MP: 12/12
  7429 | D:6      | Became a worshipper of Gozag Ym Sagoz the Greedy
  7482 | D:6      | Found a stormy altar of Qazlal.
  7515 | D:6      | Found a snail-covered altar of Cheibriados.
  7515 | D:6      | Found a blossoming altar of Fedhas.
  7516 | D:6      | Found a hide-covered altar of Uskayaw.
  7627 | D:6      | Reached skill level 5 in Bows
  8336 | D:7      | Noticed Menkaure
  8355 | D:7      | Killed Menkaure
  9256 | D:8      | Found a staircase to the Lair.
  9355 | D:8      | Found an iron altar of Okawaru.
  9421 | D:8      | Found Zecovoz's Distillery.
  9440 | D:8      | Bought a potion of might for 52 gold pieces
  9440 | D:8      | Bought a potion of haste for 130 gold pieces
  9440 | D:8      | Bought a potion of agility for 52 gold pieces
  9440 | D:8      | Bought a potion of haste for 130 gold pieces
  9766 | D:8      | Reached skill level 5 in Poison Magic
  9851 | D:9      | Reached XP level 10. HP: 89/97 MP: 14/14
 10337 | D:9      | Noticed kilppis's ghost (journeyman GrFi)
 10599 | D:9      | Killed kilppis's ghost
 10943 | D:9      | Found a glowing golden altar of the Shining One.
 10948 | D:9      | Found a basalt altar of Yredelemnul.
 10950 | D:9      | Noticed a profane servitor
 10956 | D:9      | Noticed an angel
 10974 | D:10     | Entered Level 10 of the Dungeon
 10974 | D:10     | Found a shattered altar of Ashenzari.
 11031 | Lair:1   | Entered Level 1 of the Lair of Beasts
 11820 | D:8      | Upgraded the game from 0.19.0-16-g73b5abf to 0.19.0-17-g07987d3
 11822 | Lair:1   | Noticed a spiny frog
 11832 | Lair:1   | Killed a spiny frog
 12239 | Lair:1   | Reached skill level 5 in Conjurations
 12271 | Lair:1   | Reached XP level 11. HP: 81/104 MP: 15/15
 12811 | Lair:1   | Reached skill level 1 in Armour
 12913 | Lair:1   | Noticed an oklob plant
 13614 | Lair:2   | Noticed a wolf spider
 14393 | Lair:2   | Killed a wolf spider
 14436 | Lair:2   | Found a hole to the Spider Nest.
 14467 | Lair:2   | Bought a meat ration for 65 gold pieces
 14467 | Lair:2   | Bought a beef jerky for 19 gold pieces
 14467 | Lair:2   | Bought a meat ration for 65 gold pieces
 14467 | Lair:2   | Bought a meat ration for 65 gold pieces
 14467 | Lair:2   | Bought a slice of pizza for 19 gold pieces
 14467 | Lair:2   | Bought a beef jerky for 19 gold pieces
 14467 | Lair:2   | Bought a royal jelly for 26 gold pieces
 14467 | Lair:2   | Bought a beef jerky for 19 gold pieces
 14467 | Lair:2   | Bought a meat ration for 65 gold pieces
 14467 | Lair:2   | Bought a meat ration for 65 gold pieces
 14825 | Lair:2   | Noticed an eight-headed hydra
 14869 | Lair:2   | Killed an eight-headed hydra
 15136 | Lair:2   | Noticed Krapule's ghost (journeyman MiHu)
 15718 | Lair:3   | Reached skill level 1 in Short Blades
 15938 | Lair:3   | Noticed Rupert
 16024 | Lair:3   | Paralysed by Rupert for 5 turns
 16066 | Lair:3   | Paralysed by Rupert for 4 turns
 16084 | Lair:3   | Killed Rupert
 16084 | Lair:3   | Reached skill level 5 in Dodging
 16084 | Lair:3   | Reached XP level 12. HP: 28/112 MP: 16/16
 16344 | Lair:2   | Slain by a spiny frog

Skill      XL: |  1  2  3  4  5  6  7  8  9 10 11 |
---------------+----------------------------------+-----
Dodging        | 2 5 |  5.2
Conjurations   | 1 2 3 4 5 |  5.1
Air Magic      | 1 2 3 4 |  4.7
Poison Magic   | 4 5 |  5.8
Spellcasting   | 2 3 |  3.0
Polearms       | 1 3 |  3.3
Fighting       | 12 | 12.2
Bows           | 4 6 8 9 |  9.0
Armour         | 4 |  4.7
Short Blades   | 2 |  2.6
Stealth        | |  1.1

Action                   |  1- 3 |  4- 6 |  7- 9 | 10-12 || total
-------------------------+-------+-------+-------+-------++-------
Melee: Short sword       |   154 |    74 |   117 |   194 ||   539
       Kick              |    23 |    46 |    31 |    62 ||   162
       Whip              |     7 |       |       |       ||     7
       Spear             |       |    51 |       |       ||    51
       Dagger            |       |   138 |       |       ||   138
       Halberd           |       |    14 |    77 |       ||    91
       Great sword       |       |       |       |     8 ||     8
 Fire: Shortbow          |       |       |   224 |   370 ||   594
Throw: Javelin           |       |    19 |       |       ||    19
       Stone             |       |     4 |       |       ||     4
 Cast: Sting             |    29 |    39 |     3 |       ||    71
       Mephitic Cloud    |       |       |       |    15 ||    15
Invok: Call Merchant     |       |       |       |     1 ||     1
Evoke: Wand              |       |       |    11 |    13 ||    24
  Use: Scroll            |     3 |     3 |    11 |     9 ||    26
       Potion            |       |     3 |     6 |     9 ||    18
 Stab: Sleeping          |       |     2 |       |       ||     2
       Distracted        |       |       |       |     3 ||     3
       Confused          |       |       |       |     1 ||     1
  Eat: Chunk             |     4 |    11 |     6 |       ||    21
       Meat ration       |       |       |     1 |     1 ||     2
       Bread ration      |       |       |       |     2 ||     2
       Beef jerky        |       |       |       |     3 ||     3
       Royal jelly       |       |       |       |     1 ||     1
       Pizza             |       |       |       |     1 ||     1
Armor: Robe              |    67 |    69 |    44 |   124 ||   304
       Ring mail         |       |    49 |    77 |       ||   126
       Scale mail        |       |       |    84 |       ||    84
Dodge: Dodged            |    75 |   119 |   118 |   140 ||   452
       Rpst.: Great sword |       |       |       |     1 ||     1
